 Dungeon Crawl Stone Soup version 0.29-a0-319-gad05b8d819 (webtiles) character file.

Game seed: 4267987533693385836

380384 gimp the Slayer (level 22, -5/232 HPs)
             Began as a Mayflytaur Berserker on Apr 2, 2022.
             Was the Champion of Trog.
             Slain by an Orb Guardian (45 damage)
             ... on level 5 of the Realm of Zot.
             The game lasted 02:51:29 (18717 turns).

gimp the Slayer (Mayflytaur Berserker)             Turns: 18717, Time: 02:51:30

Health: -5/232     AC: 41    Str: 26    XL:     22   Next: 49%
Magic:  10/14      EV: 12    Int:  9    God:    Trog [******]
Gold:   2433       SH: 22    Dex: 18    Spells: 21/21 levels left

rFire   + + +      SeeInvis +   b - +6 eveningstar (spect)
rCold   + + .      Faith    .   Y - +0 tower shield
rNeg    + + +      Spirit   .   y - +11 gold dragon scales
rPois   +          Reflect  .   e - +0 hat "Migg" {rF++ rN+ Regen+ rCorr}
rElec   +          Harm     .   q - scarf {rC+ rF+}
rCorr   +          Rampage  .   S - +2 pair of gloves {Str+3}
Will    +++++      Clarity  +   L - +2 pair of boots {Fly}
Stlth   ..........              k - amulet of the Four Winds {rN+ Will+++ Clar}
HPRegen 3.08/turn               Q - ring of resist corrosion
MPRegen 0.28/turn               n - ring of Abenea {+Blink rElec MP-9 SInv}

@: strong-willed, flying, regenerating, studying Evocations
A: damage resistance, big wings, negative energy resistance 1, sense
surroundings 3, regeneration 1, magic regeneration, short lifespan,
deterioration 1, screaming 1, weak 2, subdued magic 1
0: Orb of Zot
}: 3/15 runes: decaying, silver, gossamer
a: Renounce Religion, Evoke Blink, Berserk, Trog's Hand, Brothers in Arms


You were on level 5 of the Realm of Zot.
You worshipped Trog.
Trog was exalted by your worship.
You visited 8 branches of the dungeon, and saw 45 of its levels.
You also visited: Gauntlet, Ice Cave and Wizlab.

You collected 4502 gold pieces.
You spent 2069 gold pieces at shops.

Inventory:

Hand Weapons
 a - a +9 morningstar of flaming
 b - a +6 spectral eveningstar (weapon)
 c - a +3 antimagic demon whip
Missiles
 j - 49 poisoned darts
 R - 7 curare-tipped darts
Armour
 e - the +0 hat "Migg" (worn) {rF++ rN+ Regen+ rCorr}
   (You acquired it on level 5 of the Vaults)

   rF:        It greatly protects you from fire.
   rN:        It protects you from negative energy.
   Regen:     It increases your rate of health regeneration.
   rCorr:     It protects you from acid and corrosion.
 q - a scarf of resistance (worn)
 y - +11 gold dragon scales (worn)
 L - a +2 pair of boots of flying (worn)
 S - a +2 pair of gloves of strength (worn)
 Y - a +0 tower shield (worn)
Jewellery
 k - the amulet of the Four Winds (around neck) {rN+ Will+++ Clar}
   (You found it in a Gauntlet)

   [amulet of nothing]

   rN:        It protects you from negative energy.
   Clar:      It protects you against confusion.
   Will:      It greatly increases your willpower.
 n - the ring of Abenea (right hand) {+Blink rElec MP-9 SInv}
   (You found it in a Gauntlet)

   [ring of see invisible]

   rElec:     It insulates you from electricity.
   MP:        It affects your magic capacity (-9).
   SInv:      It lets you see invisible.
   +Blink:    It lets you blink.
 p - a +6 ring of strength
 u - a ring of fire
 E - the ring "Gaongum" {rC+ Stlth+}
   (You found it in an ice cave)

   [ring of protection from cold]

   rC:        It protects you from cold.
   Stlth:     It makes you more stealthy.
 I - a ring of protection from fire
 Q - a ring of resist corrosion (left hand)
Wands
 i - a wand of paralysis (7)
 A - a wand of flame (123) (quivered)
 B - a wand of mindburst (18)
 C - a wand of iceblast (21)
 K - a wand of digging (25)
 X - a wand of acid (5)
Scrolls
 l - 17 scrolls of teleportation
 m - 2 scrolls of immolation
 t - 2 scrolls of brand weapon
 v - a scroll of fog
 O - 19 scrolls of identify
 P - 3 scrolls of vulnerability
 V - a scroll of summoning
 W - 3 scrolls of silence
 Z - 3 scrolls of fear
Potions
 d - 4 potions of cancellation
 f - 6 potions of mutation
 g - 6 potions of ambrosia
 x - 7 potions of might
 F - 3 potions of lignification
 G - a potion of resistance
 H - 5 potions of magic
 J - 2 potions of berserk rage
 T - a potion of haste
Miscellaneous
 r - a lightning rod (4/4)
 M - a phantom mirror


   Skills:
 - Level 21.3 Fighting
 - Level 16.0 Maces & Flails
 * Level 19.6 Armour
 - Level 15.0 Dodging
 + Level 20.4 Shields
 - Level 15.0 Evocations


You had 21 spell levels left.
You didn't know any spells.
Your spell library was empty.

Dungeon Overview and Level Annotations

Branches:
Dungeon (15/15)              Lair (6/6) D:10          Swamp (4/4) Lair:4
 Spider (4/4) Lair:3        Slime (0/5) Lair:6          Orc (2/2) D:12
    Elf (0/3) Orc:2        Vaults (5/5) D:13         Depths (4/4) D:15
    Zot (5/5) Depths:4      IceCv (visited)          WizLab (visited)
Gauntlet (visited)
 Temple: D:4-7        Crypt: Vaults:2-3

Altars:
Cheibriados
Nemelex Xobeh
Ru
Sif Muna
Vehumet
Jiyva

Shops:
D:7 [   D:8 *   D:13 *   Orc:2 (?:[*   Vaults:1 [

Portals:
Hell: Depths:1
Abyss: Depths:2 Depths:3
Ziggurat: Depths:1

Annotations:
Lair:3 2 transporters, Xetequo's ghost, journeyman MiFi
Orc:1 5 transporters
Zot:5 exclusions: orange crystal statue and upstairs


Innate Abilities, Weirdness & Mutations

You are resistant to damage.
Your large and strong wings let you fly.
You resist negative energy. (rN+)
You passively map a large area around you.
Your natural rate of healing is unusually fast.
You regenerate magic rapidly.
You are easily found by Zot.
Your body sometimes deteriorates upon taking damage.
You occasionally shout uncontrollably at your foes.
You are very weak. (Str -4)
Your spells are a little easier to cast, but a little less powerful.


Message History

You block the purple draconian shifter's attack.
Your iron troll misses the Orb Guardian.
Your iron troll barely misses the Orb Guardian. x2
You regained 3 hp, and now have 50/232 hp.
You feel yourself speed up. The Orb Guardian hits your iron troll!!
The Orb Guardian hits you but does no damage.
The Tzitzimitl engulfs your iron troll! The Tzitzimitl bites your iron troll!
The Orb Guardian hits your iron troll! You block the Orb Guardian's attack.
You block the purple draconian shifter's attack.
Your iron troll bites the Orb Guardian but does no damage.
Your iron troll completely misses the Orb Guardian.
Your iron troll claws the Orb Guardian!
You regained 3 hp, and now have 53/232 hp.
You hit the moth of wrath.
The moth of wrath is heavily wounded.
Your +6 spectral eveningstar barely misses the moth of wrath.
The Orb Guardian hits your iron troll!!!
The Orb Guardian hits you!
* * * LOW HITPOINT WARNING * * *
The Tzitzimitl engulfs your iron troll!
Your iron troll dies!
Your iron troll's corpse disappears in a puff of smoke!
You take 6 damage, and have 47/232 hp.
Unknown command.
You impale the moth of wrath!!
You kill the moth of wrath!
The moth of wrath's corpse dissolves into shadows!
The Orb Guardian hits you but does no damage.
The yellow draconian annihilator casts a spell.
The yellow draconian annihilator blinks!
The purple draconian shifter breathes dispelling energy at you.
The bolt of dispelling energy hits you!
Your magical effects are unravelling.
* * * LOW HITPOINT WARNING * * *
You take 9 damage, and have 38/232 hp.
Okay, then.
Your stone giant goes berserk!
You feel yourself slow down. The Orb Guardian hits you!!!
You die...

## #.............# ##.......... #
##.............## **,,,,,^,,,
#...............# **,,,,,,,,
########.######## ********# #.# #
#####.###### # # #...#......#####
####### #
#...#...dXq§...######...⌠.. #
#...#..§1X@C.......##...(..
#######...#....q.................
#...#.....###....))....⌠.........
#...#.....# #.....)[.............
#...#.....# #.....)[)............
#...#.....#####....)..#..........
#(..#.......###....[###..........
....................##.^.........
....................##.......####


You could see a Tzitzimitl, a black draconian, a purple draconian shifter, 2 Orb
Guardians, a yellow draconian annihilator (ally target) and a friendly stone
giant (summoned, berserk).

Vanquished Creatures
  An ancient lich (Vaults:5)
  A juggernaut (Depths:3)
  4 golden dragons
  An electric golem (Zot:5)
  4 tentacled monstrosities
  Mlioglotl (Swamp:2)
  8 Orb Guardians (Zot:5)
  A death cob (Zot:5)
  3 sphinxes (Vaults:4)
  2 thorn hunters
  Frances (Swamp:2)
  6 storm dragons
  Kirke (D:14)
  3 fire giants
  A draconian monk (Depths:3)
  6 shadow dragons
  2 tengu reavers
  2 draconian knights (Zot:5)
  2 frost giants
  5 vault wardens
  2 iron dragons (Vaults:5)
  An emperor scorpion (Spider:2)
  An orc warlord (Orc:1)
  Aizul (Swamp:3)
  2 ironbound preservers (Vaults:2)
  4 ghost moths
  2 draconian stormcallers (Zot:5)
  2 draconian annihilators
  4 war gargoyles
  7 stone giants
  A vampire knight (Depths:2)
  2 broodmothers
  2 ironbound thunderhulks
  14 very ugly things
  An eleionoma (Swamp:3)
  A black draconian (Zot:5)
  2 green draconians (Zot:5)
  A lorocyproca (Zot:5)
  4 bunyips
  6 dire elephants
  A spark wasp (Spider:4)
  A red draconian (Depths:4)
  3 entropy weavers
  6 purple draconians
  2 yellow draconians
  A white draconian (Depths:4)
  A crystal guardian (Vaults:4)
  A merfolk impaler (Depths:3)
  3 ettins
  Josephine (Lair:5)
  Fannar (D:11)
  7 fire dragons
  2 great orbs of eyes
  40 vault guards
  7 yaktaur captains
  3 rakshasas (Depths:1)
  11 hydras
  5 ice dragons
  A peacekeeper (Vaults:4)
  5 ogre magi
  2 ghost crabs
  2 jorogumos
  A spriggan air mage (Depths:1)
  5 boulder beetles
  2 ironbound frosthearts (Vaults:4)
  A two-headed ogre (shapeshifter) (Depths:1)
  5 radroaches
  16 centaur warriors
  A merfolk avatar (Lair:6)
  2 tengu warriors
  4 alligators
  8 deep troll shamans
  27 two-headed ogres
  2 vampire magi
  6 deep troll earth magi
  An orc high priest (Orc:2)
  2 spriggan berserkers
  A shock serpent (shapeshifter) (D:11)
  A shadow wraith (Vaults:5)
  9 hell knights
  3 iron trolls
  A goliath frog (Swamp:1)
  A spark wasp zombie (Depths:1)
  A sun moth (Spider:2)
  22 deep trolls
  5 orb spiders
  4 steelbarb worms (Spider:4)
  2 orange crystal statues
  A pharaoh ant (Spider:3)
  2 wizards (Vaults:2)
  A glowing orange brain (Depths:2)
  Pikel (D:6)
  2 phantasmal warriors (D:14)
  A deep elf archer (D:13)
  9 swamp dragons
  5 bog bodies
  5 spriggan druids
  4 lindwurms
  4 necromancers
  6 deep elf pyromancers
  12 ironbound convokers
  2 obsidian statues
  An orc knight (Vaults:5)
  7 cyclopes
  14 wolf spiders
  5 orc sorcerers
  29 ugly things
  An iron dragon zombie (Depths:1)
  A will-o-the-wisp (Swamp:3)
  A fire giant zombie (Depths:1)
  23 elephants
  3 manticores
  12 moths of wrath
  5 vault sentinels
  4 black mambas
  3 torpor snails
  12 cane toads
  5 gargoyles
  2 unseen horrors
  2 demonic crawlers (Spider:4)
  8 kobold demonologists
  6 rime drakes
  3 freezing wraiths
  11 komodo dragons
  19 yaktaurs
  A komodo dragon (shapeshifter) (D:14)
  4 tengu conjurers
  2 anaconda simulacra (IceCv)
  2 efreet
  3 polar bears
  16 trolls
  3 tyrant leeches
  A troll (shapeshifter) (D:13)
  7 meliai
  A bloated husk (Swamp:2)
  A sphinx simulacrum (Depths:1)
  6 dream sheep (Lair:4)
  A raiju (D:13)
  2 snapping turtles (Lair:6)
  18 blink frogs
  10 hornets
  8 tarantellas
  20 slime creatures
  A large abomination (Gauntlet)
  A vampire (D:10)
  6 wraiths
  9 water elementals
  9 wyverns
  21 culicivoras
  24 jumping spiders
  2 centaur simulacra
  14 spriggans
  41 yaks
  3 shadows
  A spriggan (shapeshifter) (Vaults:5)
  A basilisk (shapeshifter) (D:13)
  2 hogs (D:14)
  7 vampire mosquitoes
  7 basilisks
  10 steam dragons
  19 redbacks
  A steam dragon (shapeshifter) (Vaults:5)
  5 swamp worms
  7 wargs
  14 two-headed ogre zombies (Orc:1)
  4 acid dragons (D:11)
  A human zombie (Depths:2)
  15 water moccasins
  5 small abominations (Gauntlet)
  A hydra simulacrum (IceCv)
  2 hell hounds (D:13)
  8 swamp drakes
  4 ice beasts
  4 sky beasts
  15 orc warriors
  2 black bears
  2 alligator simulacra (IceCv)
  4 boggarts (Vaults:3)
  30 ogres
  13 wolves
  10 centaurs
  A phantom (D:12)
  3 kobold brigands
  12 bullfrogs
  8 gnoll sergeants (D:13)
  A necrophage (D:6)
  4 scorpions
  8 wights
  4 troll zombies (D:12)
  A lindwurm simulacrum (IceCv)
  5 killer bees (D:7)
  2 electric eels (Lair:4)
  6 howler monkeys
  14 orc priests
  Crazy Yiuf (D:7)
  3 jellies
  26 orc wizards
  6 ogre zombies
  4 adders
  A white imp (D:6)
  3 ufetubi
  2 dart slugs
  53 orcs
  3 bats
  3 endoplasms
  A giant cockroach (D:3)
  2 goblins
  6 hobgoblins
  2 jackals (D:4)
  3 quokkas
  A ball python (D:1)
  2 goblin skeletons (D:12)
  4 goblin zombies (D:12)
  3 hobgoblin skeletons (D:12)
  4 hobgoblin zombies (D:12)
  13 kobolds
  4 orc skeletons (D:12)
  8 orc zombies (D:12)
  A rat (D:1)
  A briar patch (Swamp:4)
1246 creatures vanquished.

Vanquished Creatures (collateral kills)
  Nikola (Swamp:4)
  An ettin (Depths:1)
  An alligator (Swamp:4)
  An elephant (Lair:3)
  A harpy simulacrum (IceCv)
  A hydra simulacrum (IceCv)
6 creatures vanquished.

Vanquished Creatures (others)
  A centaur warrior (D:14)
  An ogre mage (Orc:1)
  2 lindwurms (Swamp:4)
  2 bloated husks
  A hornet (Swamp:4)
  A spriggan (Swamp:3)
  A swamp worm (Swamp:2)
  A swamp drake (Swamp:3)
  A howler monkey (D:13)
  An orc wizard (D:11)
  A briar patch (Swamp:4)
  4 foxfires (Swamp:3)
  13 fungi
  42 plants
  2 starspawn tentacles (Swamp:2)
  19 withered plants (Gauntlet)
93 creatures vanquished.

Grand Total: 1345 creatures vanquished

Notes
Turn   | Place    | Note
-------+----------+-------------------------------------------
     0 | D:1      | gimp the Mayflytaur Berserker began the quest for the Orb.
     0 | D:1      | Reached XP level 1. HP: 21/21 MP: 2/2
    97 | D:1      | Glimpsed the power of Zot.
   118 | D:1      | Reached XP level 2. HP: 28/28 MP: 3/3
   236 | D:2      | Reached XP level 3. HP: 24/36 MP: 4/4
   467 | D:4      | Noticed a scorpion
   480 | D:4      | Killed a scorpion
   481 | D:4      | Reached skill level 4 in Fighting
   481 | D:4      | Reached skill level 5 in Maces & Flails
   481 | D:4      | Reached XP level 4. HP: 44/44 MP: 5/5
   601 | D:5      | Entered Level 5 of the Dungeon
   601 | D:5      | Noticed an ice beast
   609 | D:5      | Killed an ice beast
   610 | D:5      | Reached XP level 5. HP: 36/51 MP: 6/6
   622 | D:5      | Gained mutation: You regenerate magic rapidly. [Mayflytaur
                  | growth]
   622 | D:5      | Reached XP level 6. HP: 53/60 MP: 7/7
   746 | D:5      | Noticed an ice beast
   760 | D:5      | Killed an ice beast
   761 | D:5      | Reached skill level 5 in Fighting
   863 | D:6      | Reached ** piety under Trog
   897 | D:6      | Reached XP level 7. HP: 46/67 MP: 8/8
   986 | D:6      | Reached skill level 1 in Shields
  1076 | D:5      | Noticed Pikel
  1100 | D:6      | Killed Pikel
  1101 | D:6      | Reached skill level 6 in Fighting
  1101 | D:6      | Reached skill level 10 in Maces & Flails
  1101 | D:6      | Reached XP level 8. HP: 71/78 MP: 9/9
  1401 | D:7      | Reached skill level 7 in Fighting
  1450 | D:7      | Found Inni's Antique Armour Shoppe.
  1609 | D:7      | Gained mutation: You passively map the area around you.
                  | [Mayflytaur growth]
  1609 | D:7      | Reached XP level 9. HP: 85/86 MP: 10/10
  1660 | D:7      | Found a runed translucent door.
  1661 | D:7      | Noticed Crazy Yiuf
  1669 | D:7      | Killed Crazy Yiuf
  1812 | D:6      | Reached skill level 5 in Shields
  1953 | D:7      | Noticed a cyclops
  1965 | D:7      | Killed a cyclops
  1966 | D:7      | Reached skill level 8 in Fighting
  2201 | D:8      | Noticed a two-headed ogre
  2208 | D:8      | Killed a two-headed ogre
  2209 | D:8      | Reached XP level 10. HP: 98/98 MP: 11/11
  2242 | D:8      | Found Sukkue's Island Escapes.
  2247 | D:8      | Bought a scroll of teleportation for 30 gold pieces
  2247 | D:8      | Bought a scroll of teleportation for 30 gold pieces
  2247 | D:8      | Bought a scroll of teleportation for 30 gold pieces
  2247 | D:8      | Bought a scroll of fog for 20 gold pieces
  2247 | D:8      | Bought a scroll of fog for 20 gold pieces
  2247 | D:8      | Bought a scroll of teleportation for 30 gold pieces
  2305 | D:8      | Reached skill level 9 in Fighting
  2559 | D:9      | Noticed a kobold demonologist
  2563 | D:9      | Noticed a sun demon
  2630 | D:9      | Found a sacrificial altar of Ru.
  2668 | D:9      | Reached *** piety under Trog
  2810 | D:9      | Noticed a sixfirhy
  2812 | D:9      | Noticed an orange demon
  2881 | D:9      | Noticed an orange demon
  2887 | D:9      | Killed a kobold demonologist
  3181 | D:10     | Entered Level 10 of the Dungeon
  3212 | D:10     | Reached skill level 5 in Armour
  3244 | D:10     | Found a staircase to the Lair.
  3263 | D:10     | Reached skill level 10 in Fighting
  3282 | D:10     | Reached XP level 11. HP: 101/109 MP: 12/12
  3352 | Lair:1   | Entered Level 1 of the Lair of Beasts
  3352 | Lair:1   | Found a gate leading to a gauntlet.
  3380 | Lair:1   | Reached **** piety under Trog
  3388 | Gauntlet | Entered a Gauntlet
  3388 | Gauntlet | Found a transporter.
  3388 | Gauntlet | Found a transporter.
  3403 | Gauntlet | Found a transporter.
  3408 | Gauntlet | Found a transporter.
  3422 | Gauntlet | Found a transporter.
  3435 | Gauntlet | Found a transporter.
  3437 | Gauntlet | Noticed a catoblepas
  3453 | Gauntlet | Found a transporter.
  3488 | Gauntlet | Glimpsed the power of Zot.
  3525 | Gauntlet | Found a transporter.
  3525 | Gauntlet | Found the amulet of the Four Winds {rN+ Will+++ Clar}
  3564 | Gauntlet | Found a transporter.
  3580 | Gauntlet | HP: 3/110 [small abomination (9)]
  3609 | Gauntlet | Found a transporter.
  3613 | Gauntlet | HP: 3/110 [small abomination (8)]
  3624 | Gauntlet | Noticed a death scarab
  3895 | Gauntlet | Glimpsed the power of Zot.
  3897 | Gauntlet | Found a transporter.
  3907 | Gauntlet | Found a transporter.
  3908 | Gauntlet | Found a transporter.
  3908 | Gauntlet | Noticed an entropy weaver
  3916 | Gauntlet | Found a transporter.
  3924 | Gauntlet | Killed an entropy weaver
  3925 | Gauntlet | Reached skill level 11 in Fighting
  3942 | Gauntlet | Identified the ring of Abenea {+Blink rElec MP-9 SInv}
  3960 | Gauntlet | Identified the +5 halberd of Exoneration {protect, rF++
                  | SInv}
  3960 | Gauntlet | Noticed a minotaur
  4039 | Lair:1   | Glimpsed the power of Zot.
  4088 | Lair:1   | Reached skill level 10 in Shields
  4149 | Lair:2   | Glimpsed the power of Zot.
  4319 | Lair:2   | Gained mutation: Your natural rate of healing is unusually
                  | fast. [Mayflytaur growth]
  4319 | Lair:2   | Reached XP level 12. HP: 72/120 MP: 4/13
  4437 | Lair:2   | Reached skill level 10 in Armour
  4565 | Lair:3   | Found a hole to the Spider Nest.
  4616 | Lair:3   | Reached ***** piety under Trog
  4787 | Lair:3   | Glimpsed the power of Zot.
  4843 | Lair:3   | Found a transporter.
  4846 | Lair:3   | Found a transporter.
  4846 | Lair:3   | Noticed Xetequo's ghost (journeyman MiFi)
  4989 | Lair:3   | Noticed an eight-headed hydra
  4997 | Lair:3   | Killed an eight-headed hydra
  5013 | Lair:3   | Noticed a seven-headed hydra
  5021 | Lair:3   | Killed a seven-headed hydra
  5022 | Lair:3   | Reached XP level 13. HP: 105/127 MP: 5/14
  5391 | Lair:4   | Glimpsed the power of Zot.
  5459 | Lair:4   | Received a gift from Trog
  5657 | Lair:6   | Entered Level 6 of the Lair of Beasts
  5746 | Lair:6   | Identified the +0 cloak of the Scribe {Str+4 Int+3}
  5799 | Lair:6   | Found a viscous altar of Jiyva.
  5800 | Lair:6   | Found a staircase to the Slime Pits.
  5978 | Lair:5   | Reached skill level 15 in Maces & Flails
  6068 | Lair:6   | Reached skill level 15 in Shields
  6092 | Lair:6   | Gained mutation: You resist negative energy. (rN+)
                  | [Mayflytaur growth]
  6092 | Lair:6   | Reached XP level 14. HP: 135/135 MP: 6/15
  6102 | Lair:6   | Reached skill level 1 in Evocations
  6323 | Lair:5   | Noticed Josephine
  6328 | Lair:5   | Killed Josephine
  6602 | Lair:4   | Found a staircase to the Swamp.
  6609 | Swamp:1  | Entered Level 1 of the Swamp
  6624 | Lair:4   | Glimpsed the power of Zot.
  6693 | Swamp:2  | Reached skill level 5 in Evocations
  6708 | Swamp:2  | Noticed Frances
  6708 | Swamp:2  | Noticed Mlioglotl
  6713 | Swamp:2  | Noticed a starcursed mass
  6739 | Swamp:2  | You are sucked into a shaft and drop 1 floor!
  6752 | Swamp:4  | Entered Level 4 of the Swamp
  6805 | Swamp:4  | Noticed a thorn hunter
  6891 | Swamp:3  | Killed a thorn hunter
  6892 | Swamp:3  | Reached skill level 15 in Armour
  7042 | Swamp:4  | Got a decaying rune of Zot
  7119 | Swamp:4  | Reached XP level 15. HP: 122/141 MP: 16/16
  7132 | Swamp:4  | Noticed Nikola
  7158 | Swamp:4  | Reached skill level 10 in Evocations
  7177 | Swamp:4  | Killed Nikola
  7247 | Swamp:4  | Noticed a thorn hunter
  7248 | Swamp:4  | Noticed a tentacled monstrosity
  7380 | Swamp:4  | Killed a thorn hunter
  7542 | Swamp:3  | Noticed Aizul
  7565 | Swamp:3  | Killed Aizul
  7753 | Swamp:3  | Reached skill level 12 in Fighting
  7757 | Swamp:2  | Gained mutation: You are weak. (Str -2) [a neqoxec]
  7758 | Swamp:2  | Noticed a tentacled starspawn
  7803 | Swamp:2  | Found a snail-covered altar of Cheibriados.
  7811 | Swamp:2  | Noticed a tentacled starspawn
  7820 | Swamp:2  | Killed Mlioglotl
  7835 | Swamp:2  | Reached skill level 5 in Dodging
  7851 | Swamp:2  | Killed Frances
  8016 | Swamp:1  | Glimpsed the power of Zot.
  8150 | Spider:1 | Entered Level 1 of the Spider Nest
  8160 | Lair:3   | Reached skill level 13 in Fighting
  8296 | Spider:1 | Glimpsed the power of Zot.
  8402 | Spider:2 | Glimpsed the power of Zot.
  8447 | Spider:2 | Found a frozen archway.
  8453 | IceCv    | Entered an ice cave
  8480 | IceCv    | Found a transporter.
  8498 | IceCv    | Found a transporter.
  8561 | IceCv    | Glimpsed the power of Zot.
  8663 | IceCv    | Identified the ring "Gaongum" {rC+ Stlth+}
  8725 | Spider:2 | Reached skill level 14 in Fighting
  8757 | Spider:2 | Reached XP level 16. HP: 155/159 MP: 17/17
  9073 | Spider:4 | Entered Level 4 of the Spider Nest
  9228 | Spider:4 | Reached skill level 15 in Fighting
  9892 | Spider:4 | Glimpsed the power of Zot.
  9980 | Spider:4 | Got a gossamer rune of Zot
 10362 | D:11     | Noticed Fannar
 10369 | D:11     | Killed Fannar
 10395 | D:11     | Found a radiant altar of Vehumet.
 10405 | D:11     | Reached skill level 10 in Dodging
 10414 | D:11     | Reached skill level 16 in Fighting
 10467 | D:11     | Reached XP level 17. HP: 172/172 MP: 9/18
 10796 | D:11     | Identified the +1 scale mail "Vory" {Fly rC- rCorr Stlth+}
 11074 | D:13     | Found Rocuuheu's General Store.
 11079 | D:13     | Bought a scroll of blinking for 135 gold pieces
 11079 | D:13     | Bought a scroll of teleportation for 54 gold pieces
 11301 | D:12     | Found a staircase to the Orcish Mines.
 11352 | D:12     | Received a gift from Trog
 11361 | D:12     | Reached ****** piety under Trog
 11398 | D:12     | Identified the +4 whip of Currency {speed, rElec rF+ rN++
                  | Str-5}
 11413 | Orc:1    | Entered Level 1 of the Orcish Mines
 11516 | Orc:1    | Glimpsed the power of Zot.
 11586 | Orc:1    | Identified the +7 falchion "Iclus" {vorpal, Will+ Str-4
                  | Int+9 SInv}
 11645 | Orc:2    | Entered Level 2 of the Orcish Mines
 11645 | Orc:2    | Found a staircase to the Elven Halls.
 11670 | Orc:2    | Received a gift from Trog
 11712 | Orc:2    | Found Qebuapp's Overcharged Wands.
 11917 | Orc:2    | Reached skill level 17 in Fighting
 11978 | Orc:2    | Found Ero Doon's Antique Weapon Emporium.
 11978 | Orc:2    | Found Totozu's Book Shop.
 11979 | Orc:2    | Found Hadokul's Magic Scroll Shop.
 11979 | Orc:2    | Found Gonaoscho's Armour Shoppe.
 12007 | Orc:2    | Bought a scroll of magic mapping for 45 gold pieces
 12007 | Orc:2    | Bought a scroll of summoning for 123 gold pieces
 12007 | Orc:2    | Bought a scroll of enchant armour for 97 gold pieces
 12007 | Orc:2    | Bought a scroll of teleportation for 39 gold pieces
 12007 | Orc:2    | Bought a scroll of fog for 26 gold pieces
 12009 | Orc:2    | Bought a +0 tower shield for 63 gold pieces
 12053 | Orc:1    | Received a gift from Trog
 12070 | Orc:1    | Found a transporter.
 12073 | Orc:1    | Found a transporter.
 12074 | Orc:1    | Found a transporter.
 12080 | Orc:1    | Found a sparkling altar of Nemelex Xobeh.
 12080 | Orc:1    | Noticed a juggernaut
 12081 | Orc:1    | Found a transporter.
 12081 | Orc:1    | Found a transporter.
 12141 | Orc:1    | Glimpsed the power of Zot.
 12280 | Orc:2    | Bought a wand of flame (40) for 315 gold pieces
 12280 | Orc:2    | Bought a wand of flame (40) for 315 gold pieces
 12280 | Orc:2    | Bought a wand of digging (11) for 450 gold pieces
 12435 | D:13     | Found a gate to the Vaults.
 12806 | D:13     | Gained mutation: You passively map a large area around you.
                  | [Mayflytaur growth]
 12806 | D:13     | Reached XP level 18. HP: 174/186 MP: 10/19
 12841 | D:13     | Received a gift from Trog
 13198 | Vaults:1 | Entered Level 1 of the Vaults
 13307 | Vaults:1 | Glimpsed the power of Zot.
 13317 | Vaults:1 | Found Reruon's Antique Armour Boutique.
 13325 | Vaults:1 | Bought a shiny helmet for 247 gold pieces
 13408 | Vaults:1 | Reached skill level 15 in Evocations
 13446 | Vaults:1 | Reached skill level 18 in Fighting
 13681 | Vaults:2 | Identified the +6 scale mail of Ru's Hope {+Blink Int+6}
 13938 | Vaults:3 | Found a magical portal.
 13947 | WizLab   | Entered Wucad Mu's Monastery
 14043 | WizLab   | Found the +9 staff of Wucad Mu {*channel}
 14053 | WizLab   | Glimpsed the power of Zot.
 14071 | WizLab   | Reached XP level 19. HP: 193/198 MP: 11/20
 14232 | Vaults:3 | Glimpsed the power of Zot.
 14286 | Vaults:4 | Received a gift from Trog
 14337 | Vaults:4 | Reached skill level 19 in Fighting
 14424 | Vaults:4 | Reached skill level 15 in Dodging
 14439 | Vaults:4 | Reached XP level 20. HP: 105/208 MP: 12/21
 14812 | D:14     | Identified a scroll of acquirement
 14813 | D:14     | Acquired 1256 gold pieces
 14895 | D:14     | Found the +5 sword of Power {vorpal}
 14959 | D:14     | Noticed Kirke
 14973 | D:14     | Killed Kirke
 15159 | D:15     | Entered Level 15 of the Dungeon
 15481 | D:15     | Found a staircase to the Depths.
 15510 | Depths:1 | Entered Level 1 of the Depths
 15556 | Depths:1 | Reached skill level 20 in Fighting
 15578 | Depths:1 | Found a one-way gateway to a ziggurat.
 15609 | Depths:1 | Glimpsed the power of Zot.
 15948 | Depths:1 | Received a gift from Trog
 16200 | Depths:1 | Found a gateway to Hell.
 16284 | Depths:3 | Found a shimmering blue altar of Sif Muna.
 16288 | Depths:3 | Reached skill level 21 in Fighting
 16321 | Depths:3 | Glimpsed the power of Zot.
 16325 | Depths:3 | Found a one-way gate to the infinite horrors of the Abyss.
 16331 | Depths:4 | Entered Level 4 of the Depths
 16387 | Depths:4 | Noticed a juggernaut
 16393 | Depths:3 | Reached XP level 21. HP: 197/223 MP: 13/22
 16409 | Depths:3 | Killed a juggernaut
 16438 | Depths:4 | Found a gate to the Realm of Zot.
 16438 | Depths:4 | Noticed a golden dragon
 16438 | Depths:4 | Noticed a golden dragon
 16455 | Depths:3 | Killed a golden dragon
 16477 | Depths:4 | Killed a golden dragon
 16745 | Depths:3 | Identified the +0 plate armour of Terror {Regen+ Int+4
                  | Dex-2 Slay+3}
 16948 | D:14     | Received a gift from Trog
 17145 | Vaults:4 | Glimpsed the power of Zot.
 17174 | Vaults:5 | Entered Level 5 of the Vaults
 17311 | Vaults:5 | Noticed a golden dragon
 17312 | Vaults:5 | Noticed a golden dragon
 17330 | Vaults:4 | Killed a golden dragon
 17449 | Vaults:5 | Identified the +0 scimitar of Grandeur {vamp, rC+ Str+2}
 17452 | Vaults:5 | Received a gift from Trog
 17476 | Vaults:5 | Killed a golden dragon
 17503 | Vaults:5 | Acquired the +0 hat "Migg" {rF++ rN+ Regen+ rCorr}
 17504 | Vaults:5 | Acquired 377 gold pieces
 17505 | Vaults:5 | Acquired a manual of Evocations
 17586 | Vaults:5 | Noticed an ancient lich
 17603 | Vaults:5 | Killed an ancient lich
 17660 | Vaults:5 | Got a silver rune of Zot
 17693 | Vaults:5 | Reached XP level 22. HP: 213/232 MP: 14/23
 17786 | Vaults:2 | Glimpsed the power of Zot.
 18051 | Depths:4 | Glimpsed the power of Zot.
 18061 | Zot:1    | Entered Level 1 of the Realm of Zot
 18240 | Zot:5    | Entered Level 5 of the Realm of Zot
 18449 | Zot:4    | Noticed an orb of fire
 18628 | Zot:5    | Noticed an orb of fire
 18631 | Zot:5    | Received a gift from Trog
 18639 | Zot:5    | Gained mutation: Your spells are a little easier to cast,
                  | but a little less powerful. [an orb of fire]
 18640 | Zot:5    | Gained mutation: You occasionally shout uncontrollably at
                  | your foes. [an orb of fire]
 18641 | Zot:5    | Gained mutation: Your body sometimes deteriorates upon
                  | taking damage. [an orb of fire]
 18642 | Zot:5    | Gained mutation: You are very weak. (Str -4) [an orb of
                  | fire]
 18643 | Zot:5    | Noticed an ancient lich
 18647 | Zot:5    | Got the Orb of Zot
 18653 | Zot:5    | Noticed a Killer Klown
 18660 | Zot:5    | Noticed a Killer Klown
 18717 | Zot:5    | Slain by an Orb Guardian

Illustrated notes

Levels and vault maps discovered:
D:1:      nicolae_arrival_washed_ashore, layout_loops_ring,
          basic_ecumenical_altar, supply_closet_lemuel,
          dreamdust_mushroom_princess, minmay_pentomino_o4
D:2:      layout_loops_corners, minmay_misc_feat_tower, hangedman_feature_mirror
D:3:      layout_basic, item_on_display_a
D:4:      layout_basic
D:5:      layout_rooms, uniq_pikel
D:6:      layout_layer_cave, temple_fountains, chequers_mini_garden,
          st_stairs_5, hangedman_decor_clover_reticule, skrybe_limestone_x,
          minmay_quadrilaterals, uniq_edmund, uniq_blork_the_orc
D:7:      layout_loops_corners, serial_shops, shop, dreamdust_princess_bridge,
          uniq_crazy_yiuf_cottage
D:8:      layout_basic, nicolae_island_escapes
D:9:      layout_small_grid, nicolae_ru_the_path_less_chosen
D:10:     layout_basic, minmay_lair_entry_grove, special_room [special_room_orc]
D:11:     minmay_the_grid_square_5x5_5x5
          [minmay_the_grid_square_5x5_half_checkered,
          minmay_the_grid_square_5x5_shrine1, minmay_the_grid_square_5x5_plus,
          minmay_the_grid_square_5x5_spiral_small,
          minmay_the_grid_square_5x5_bridge, minmay_the_grid_square_5x5_forky,
          minmay_the_grid_square_5x5_prize_junk,
          minmay_the_grid_square_5x5_two_walls_b,
          minmay_the_grid_square_5x5_prize_waves,
          minmay_the_grid_square_5x5_two_small, minmay_the_grid_square_5x5_z,
          minmay_the_grid_square_5x5_almost_minimal,
          minmay_the_grid_square_5x5_prize_deathbox,
          minmay_the_grid_square_5x5_meh, minmay_the_grid_square_5x5_shrine2,
          minmay_the_grid_square_5x5_n,
          minmay_the_grid_square_5x5_prize_monsterx,
          minmay_the_grid_square_5x5_detours,
          minmay_the_grid_square_5x5_prize_rear_guard,
          minmay_the_grid_square_5x5_tie, minmay_the_grid_square_5x5_c,
          minmay_the_grid_square_5x5_two_walls_a,
          minmay_the_grid_square_5x5_slash, minmay_the_grid_square_5x5_two,
          minmay_the_grid_square_5x5_fat_x], layout_loops_ring,
          grunt_gozag_statues, uniq_fannar
D:12:     layout_loops_corners, zombieorc2_lemuel
D:13:     lemuel_castle_with_subvaults [lemuel_castle_interior_carwin_1],
          layout_irregular_city, lightli_vaults_fourway_checkpoint,
          serial_shops, shop, minivault_16, nicolae_two_hexagons,
          nicolae_vehumet_altar_sigil
D:14:     minmay_guarded_unrand_sword_of_power, layout_loops_ring, uniq_kirke
D:15:     grunt_enter_depths_hoard, layout_basic
Lair:1:   lemuel_slime, layout_hall_layers, gauntlet_entry_generic
Lair:2:   layout_small_grid, grunt_forest_stairs_clearing
Lair:3:   layout_small_grid, spider_nest_entry_a, gammafunk_ghost_arena,
          nzn_random_ring, infiniplex_staircase_pool_2
Lair:4:   layout_gridlike, minmay_swamp_entry_worms
Lair:5:   layout_regular_city, uniq_josephine
Lair:6:   gammafunk_lair_ancient_temple, layout_small_grid,
          dpeg_slime_entry_enclosed_altar, grunt_megastairs_2
Swamp:1:  layout_basic_swamp, nicolae_swamp_fairy_circle, swamp_pool1,
          uniq_roxanne
Swamp:2:  layout_basic_swamp, lemuel_altar_in_water, uniq_frances,
          uniq_mlioglotl
Swamp:3:  layout_falls_marsh, evilmike_swamp_ruin_house_5, uniq_aizul
Swamp:4:  swamp_fiery, layout_basic_swamp, infiniplex_staircase_pool,
          uniq_nikola
Spider:1: layout_spider_delve, nicolae_spider_checkerboard, uniq_donald
Spider:2: layout_chambers, portal_ice_cave_entry_pillars_four
Spider:3: nicolae_spider_hilbert_zone_7 [nicolae_spider_hilbert_4_sides_1_open,
          nicolae_spider_hilbert_4_sides_1_open,
          nicolae_spider_hilbert_4_sides_1_open,
          nicolae_spider_hilbert_4_sides_1_open,
          nicolae_spider_hilbert_3_sides_1_open,
          nicolae_spider_hilbert_3_sides_1_open,
          nicolae_spider_hilbert_3_sides_1_open,
          nicolae_spider_hilbert_3_sides_1_open,
          nicolae_spider_hilbert_4_sides_1_open,
          nicolae_spider_hilbert_4_sides_1_open,
          nicolae_spider_hilbert_4_sides_1_open,
          nicolae_spider_hilbert_2_sides_1_open,
          nicolae_spider_hilbert_2_sides_1_open,
          nicolae_spider_hilbert_2_sides_1_open,
          nicolae_spider_hilbert_2_sides_1_open,
          nicolae_spider_hilbert_2_sides_1_open,
          nicolae_spider_hilbert_2_sides_1_open]
Spider:4: grunt_spider_rune_parallel
Orc:1:    lemuel_ogre_cave, layout_caves, statue_in_the_mist_lemuel,
          hellmonk_jugg_or_not, uniq_snorg
Orc:2:    st_orc_ogre_mass, layout_diamond_mine, nicolae_shop_overcharged_wands
Vaults:1: ontoclasm_vaults_pinch, nicolae_vaults_yaktaur_gun_rack,
          nicolae_vaults_what_the_h, hangedman_vaults_pinch,
          nicolae_vaults_ring_of_whatevers, v_misc_29, ontoclasm_vaults_fault,
          dpeg_vaults_monster_box, layout_vaults_omnigrid, serial_shops,
          nicolae_square_shop
Vaults:2: nicolae_vaults_big_ls, hangedman_vaults_locks,
          nicolae_vaults_three_branches, hangedman_vaults_trim,
          nicolae_vaults_statue_guard, nicolae_vaults_ring_of_whatevers,
          v_misc_26, minmay_crypt_entry_nasty_monster, v_misc_8,
          nicolae_vaults_alarming, nicolae_vaults_little_squares_1,
          nicolae_vaults_shelves_hall, layout_vaults_ring, serial_shops,
          nicolae_shop_behind_doors, uniq_margery
Vaults:3: mu_enter_wizlab_4, v_misc_26, v_misc_17, hangedman_vaults_nodes,
          ontoclasm_vaults_spin, grunt_vaults_hallway_long,
          nicolae_vaults_little_squares_1, vaults_room_door_hall, v_pattern_5,
          vaults_dpeg_ring, layout_vaults_big_room, serial_shops,
          nicolae_lakefront_shop, uniq_bai_suzhen
Vaults:4: ontoclasm_vaults_loading_screen, nicolae_vaults_big_angled_halls,
          nicolae_vaults_big_angled_halls, v_rooms_1, v_misc_2,
          gammafunk_dig_for_victory, vaults_dpeg_cross, v_alt_pattern_1,
          v_misc_4, v_rooms_3, nicolae_vaults_diagonal_hallway_7,
          layout_vaults_maze_snakey, serial_shops, shop
Vaults:5: serial_shops
Depths:1: layout_long_grid, enter_ziggurat_e, minmay_room_of_horrors,
          kennysheep_minor_cross, hell_entry, slow_altar_1
Depths:2: nzn_winding_woodlands_cross [nzn_winding_woodlands_5x15_jagged,
          nzn_winding_woodlands_5x15_pockets,
          nzn_winding_woodlands_5x15_pathside_ponds,
          nzn_winding_woodlands_5x15_eye,
          nzn_winding_woodlands_15x15_boxy_spiral], layout_cave_pools,
          abyss_entry, pf_hell_entry_tar_spiral, rand_demon_pan_entry_5,
          dk_noncrumbling_4, hangedman_decor_riveting, minivault_16,
          fedhas_altar_4, firewood_loft
Depths:3: kennysheep_ogre_elephant_herders, layout_cave_pools, hell_entry,
          chequers_big_river, abyss_entry, nicolae_sif_muna_condensation,
          infiniplex_staircase_zigzag_5
Depths:4: grunt_zot_entry_funnels, layout_twisted_cross, minivault_14,
          grunt_hell_entry_dis_old, serial_bayou_shore_b, uniq_xtahua
Zot:1:    layout_gridlike, kennysheep_underground_church
Zot:2:    layout_gridlike, lemuel_baited_zot_trap
Zot:3:    hangedman_orp_of_zott, layout_gridlike, gammafunk_ghost_grave,
          lemuel_baited_zot_trap
Zot:4:    layout_onion_interference
Zot:5:    layout_basic

Skill      XL: |  1  2  3  4  5  6  7  8  9 10 11 12 13 14 15 16 17 18 19 20 21 22 |
---------------+-------------------------------------------------------------------+-----
Fighting       | 4 5 6 7 8 10 11 14 16 17 18 19 21 | 21.3
Maces & Flails | 5 6 7 8 10 11 13 14 15 16 | 16.0
Shields        | 3 4 6 8 10 13 15 18 19 20 | 20.4
Armour         | 5 9 11 13 15 18 19 | 19.6
Evocations     | 9 11 12 14 15 | 15.0
Dodging        | 7 10 12 14 15 | 15.0

Action                   |  1- 3 |  4- 6 |  7- 9 | 10-12 | 13-15 | 16-18 | 19-21 | 22-24 || total
-------------------------+-------+-------+-------+-------+-------+-------+-------+-------++-------
Melee: Mace              |    76 |    59 |   253 |   666 |   137 |       |       |       ||  1191
       Punch             |     1 |       |       |       |       |       |       |       ||     1
       Whip              |       |       |    13 |       |       |       |       |       ||    13
       Morningstar       |       |       |       |       |   744 |  1289 |       |       ||  2033
       Eveningstar       |       |       |       |       |       |   171 |   992 |   230 ||  1393
       Demon whip        |       |       |       |       |       |       |       |     2 ||     2
Throw: Dart              |     1 |       |       |       |       |       |       |       ||     1
Invok: Berserk           |     1 |     1 |     5 |    14 |    18 |    13 |     4 |       ||    56
       Trog's Hand       |       |       |       |     6 |     2 |     2 |    10 |     2 ||    22
       Brothers in Arms  |       |       |       |     1 |     5 |     3 |     2 |     2 ||    13
Evoke: Wand              |       |       |       |     3 |     3 |     9 |     5 |     7 ||    27
  Use: Scroll            |       |       |       |    14 |     8 |     8 |    18 |    10 ||    58
       Potion            |       |       |       |     5 |     5 |     3 |     1 |     7 ||    21
 Stab: Sleeping          |       |     1 |       |       |       |       |       |       ||     1
       Paralysed         |       |       |       |     2 |       |       |     4 |       ||     6
       Distracted        |       |       |       |       |     1 |     4 |    18 |     5 ||    28
       Confused          |       |       |       |       |       |       |       |     1 ||     1
Armor: Animal skin       |    10 |       |       |       |       |       |       |       ||    10
       Leather armour    |     7 |     7 |       |       |       |       |       |       ||    14
       Plate armour      |       |     3 |   111 |   355 |   283 |       |       |       ||   752
       Swamp dragon scal |       |       |       |       |   251 |   450 |   171 |       ||   872
       Gold dragon scale |       |       |       |       |       |       |   290 |   166 ||   456
Dodge: Dodged            |    48 |    29 |    47 |   207 |   382 |   792 |   482 |   106 ||  2093
Block: Buckler           |       |       |    16 |       |       |       |       |       ||    16
       Kite shield       |       |       |    78 |   450 |   670 |  1075 |    69 |       ||  2342
       Tower shield      |       |       |       |       |       |       |   931 |   300 ||  1231

Table legend: (Time is in decaauts)
 A = Elapsed time spent in this place.
 B = Non-inter-level travel time spent in this place.
 C = Inter-level travel time spent in this place.
 D = Time resting spent in this place.
 E = Time spent auto-exploring this place.
 F = Levels seen in this place.
 G = Mean time per level.
                   A        B        C        D        E       F      G
               +--------+--------+--------+--------+--------+-----+--------+
         Total |  18434 |  16471 |   1963 |   1209 |    211 |  48 |  384.0 |
       Dungeon |   6401 |   5814 |    587 |     76 |    126 |  15 |  426.7 |
          Lair |   2806 |   2455 |    351 |     35 |     43 |   6 |  467.7 |
         Swamp |   1476 |   1379 |     97 |    285 |     38 |   4 |  369.0 |
   Spider Nest |   1731 |   1595 |    136 |    193 |      0 |   4 |  432.8 |
  Orcish Mines |    876 |    707 |    169 |      0 |      3 |   2 |  438.0 |
        Vaults |   2084 |   1582 |    502 |      0 |      0 |   5 |  416.8 |
        Depths |   1408 |   1289 |    119 |    225 |      0 |   4 |  352.0 |
           Zot |    596 |    596 |      0 |     21 |      0 |   5 |  119.2 |
      Ice Cave |    268 |    268 |      0 |    130 |      0 |   1 |  268.0 |
        Wizlab |    198 |    198 |      0 |      0 |      0 |   1 |  198.0 |
      Gauntlet |    585 |    585 |      0 |    241 |      0 |   1 |  585.0 |
               +--------+--------+--------+--------+--------+-----+--------+

Top non-repeatable levels by time:
Spider:4: 893 daAuts
    D:13: 891 daAuts
     D:7: 791 daAuts
 Swamp:3: 707 daAuts
  Lair:3: 645 daAuts
  Lair:4: 621 daAuts
     D:6: 587 daAuts
Gauntlet: 585 daAuts
Depths:1: 556 daAuts
     D:9: 556 daAuts
    D:11: 552 daAuts
Vaults:1: 524 daAuts
Vaults:4: 510 daAuts
  Lair:6: 500 daAuts
    D:14: 495 daAuts
